 Dungeon Crawl Stone Soup version 0.30-a0-54-g2e61a25929 (webtiles) character file.

Game seed: 9868142161424947541

15 kae the Firebug (level 2, 0/20 HPs)
             Began as a Demigod Fire Elementalist on Sept 7, 2022.
             Slain by a white imp (4 damage)
             ... summoned by Natasha
             ... on level 2 of the Dungeon.
             The game lasted 00:00:35 (1060 turns).

kae the Firebug (Demigod Fire Elementalist)         Turns: 1060, Time: 00:00:35

Health: 0/20       AC:  2    Str:  9    XL:     2   Next: 21%
Magic:  2/7        EV: 12    Int: 17    God:
Gold:   40         SH:  0    Dex: 14    Spells: 2/5 levels left

rFire   . . .      SeeInvis .    (no weapon)
rCold   . . .      Faith    .    (no shield)
rNeg    . . .      Spirit   .    a - +0 robe
rPois   .          Reflect  .    (no helmet)
rElec   .          Harm     .    (no cloak)
rCorr   .          Rampage  .    (no gloves)
Will    .....                    (no boots)
Stlth   ++........               (no amulet)
HPRegen 0.06/turn                (no ring)
MPRegen 0.10/turn                (no ring)

@: no status effects
A: high MP 1, forlorn, divine attributes
a: no special abilities


You were on level 2 of the Dungeon.
You visited 1 branch of the dungeon, and saw 2 of its levels.

You collected 40 gold pieces.


Innate Abilities, Weirdness & Mutations

You have an increased reservoir of magic. (+10% MP)
You shall have no god before yourself.
Your divine heritage dramatically boosts your attributes as you level up.


   Skills:
 - Level 1.7 Dodging
 - Level 1.7 Stealth
 + Level 2.0 Spellcasting
 * Level 1.5 Conjurations
 * Level 3.0 Fire Magic


You had 2 spell levels left.
You knew the following spells:

 Your Spells              Type           Power      Damage    Failure   Level
a - Foxfire               Conj/Fire      36%        2x1d5     8%          1
b - Scorch                Fire           24%        2d6       9%          2

Your spell library contained the following spells:

 Spells                   Type           Power      Damage    Failure   Level
 Conjure Flame            Conj/Fire      9%         6-21      22%         3
 Inner Flame              Hex/Fire       6%         N/A       30%         3
 Flame Wave               Conj/Fire      9%         2d6       58%         4

Inventory:

Missiles
 d - 5 boomerangs
 e - 8 stones
Armour
 a - a +0 robe (worn)
Jewellery
 T - an amulet of faith {!P}
   (You found it on level 2 of the Dungeon)
Scrolls
 f - a scroll of identify {@r1}
 i - a scroll of magic mapping {!r}
Potions
 b - a potion of magic
 c - 3 potions of curing {@q1}
 g - a potion of mutation {unknown}

Dungeon Overview and Level Annotations

Branches:
Dungeon (2/15) Zot: 10939

Annotations:
D:2 Natasha

#######... ##........
........#....... #.#
..$.... ........ ..
......# ....... .# .###
#...####.....##.#
.....##.#....#.#.#.#..##
.....5h@v......#...#.##.
......5.v....####....#..
.....###.#..............
.............####.......
... ...#.......###......
.....##..#..##..##..#...
. .. #.###..##.........
^ ... ##..#####.#<..
.:.. ............


You could see Natasha (ally target), a white imp (summoned, ally target) and a
shadow imp (summoned).


Message History

The goblin shouts!
The foxfire hits the goblin. x2
You kill the goblin! 😎 MP[-1]
You lost 1 mp, and now have 6/7 mp.
Casting: Foxfire (safe; 8% risk of failure)
Confirm with . or Enter, or press ? or * to list all spells.
You conjure some foxfire! 😎 MP[-1]
You lost 1 mp, and now have 5/7 mp.
f - a scroll labelled ANEAMOO HIANO 😎 MP[+2]
Your mp is fully restored (7).
You now have 22 gold pieces (gained 6).
You pick up a book of Flames and begin reading...
Unfortunately, you learned nothing new.
A rat comes into view.
A rat is nearby!
A rat is nearby!
Casting: Foxfire (safe; 8% risk of failure)
Confirm with . or Enter, or press ? or * to list all spells.
You conjure some foxfire!
The foxfire hits the rat.
You kill the rat!
Your Spellcasting skill increases to level 2! 😎 MP[-1]
You lost 1 mp, and now have 6/7 mp.
Key pressed, stopping explore.
Done exploring. 😎 MP[+1]
Your mp is fully restored (7).
Done exploring.
Done exploring.
Done exploring.
As you read the scroll labelled ANEAMOO HIANO, it crumbles to dust.
It is a scroll of identify.
c - a potion of curing
(D) Dungeon
Where to? (? - help)
There is a stone staircase leading down here.
You climb downwards.
Found a stone staircase leading up.
There is a stone staircase leading up here.
You aren't carrying any pieces of jewellery.
Unknown command.
c - 2 potions of curing {@q1} (gained 1)
You now have 31 gold pieces (gained 9).
You see here a +0 trident.
Found a stone staircase leading up.
Found a stone staircase leading down.
f - a scroll of identify {@r1}
There is a stone staircase leading up here.
You now have 40 gold pieces (gained 9).
c - 3 potions of curing {@q1} (gained 1)
T - an amulet of faith {!P} Natasha, Servant of Life and Death comes into view.
Casting: Foxfire (safe; 8% risk of failure)
Confirm with . or Enter, or press ? or * to list all spells.
You conjure some foxfire!
Natasha casts a spell.
The foxfire hits the white imp but does no damage. 😎 MP[-1]
You lost 1 mp, and now have 6/7 mp.
Casting: Foxfire (safe; 8% risk of failure)
Confirm with . or Enter, or press ? or * to list all spells.
You conjure some foxfire!
The foxfire hits the white imp but does no damage.
The foxfire hits Natasha. x2 😎 MP[-1]
You lost 1 mp, and now have 5/7 mp.
Unknown command.
Casting: Foxfire (safe; 8% risk of failure)
Confirm with . or Enter, or press ? or * to list all spells.
You conjure some foxfire!
Natasha claws you.
The foxfire hits Natasha. x2
Natasha casts a spell. 😕 HP[-4] MP[-1]
You take 4 damage, and now have 16/20 hp.
You lost 1 mp, and now have 4/7 mp.
Casting: Foxfire (safe; 8% risk of failure)
Confirm with . or Enter, or press ? or * to list all spells.
You conjure some foxfire!
The white imp gestures at you. The puff of frost misses you.
Natasha stares at you and mumbles some strange words.
The magic dart hits you.
The foxfire hits Natasha. x2; The white imp closely misses you.
Natasha casts a spell at you. The magic dart hits you.
* * * LOW HITPOINT WARNING * * *
😱 HP[-11] MP[-1]
You take 11 damage, and now have 5/20 hp.
MASSIVE DAMAGE!! (PAUSE)
You lost 1 mp, and now have 3/7 mp.
Casting: Foxfire (safe; 8% risk of failure)
Confirm with . or Enter, or press ? or * to list all spells.
You conjure some foxfire!
The white imp hits you.
* * * LOW HITPOINT WARNING * * *
The white imp freezes you.
You die...

Skill      XL: |  1  2 |
---------------+-------+-----
Conjurations   | 1 |  1.5
Fire Magic     | 3 |  3.0
Spellcasting   | 2 |  2.0
Dodging        | |  1.7
Stealth        | |  1.7

Action                   || total
-------------------------++-------
Melee: Unarmed           ||     2
 Cast: Foxfire           ||    25
  Use: Scroll            ||     4
Armor: Robe              ||     2
Dodge: Dodged            ||    23

Levels and vault maps discovered:
D:1:      arrival_zaba_pyramid, layout_loops_ring, minmay_misc_feat_ornament
D:2:      layout_rooms, ebering_ecumenical_altar_webs, uniq_natasha

Notes
Turn   | Place    | Note
-------+----------+-------------------------------------------
     0 | D:1      | kae the Demigod Fire Elementalist began the quest for the
                  | Orb.
     0 | D:1      | Reached XP level 1. HP: 14/14 MP: 5/5
     0 | D:1      | magus.rc [v1.11.3]
   105 | D:1      | Reached skill level 1 in Conjurations
   460 | D:1      | Reached XP level 2. HP: 14/20 MP: 0/7
   559 | D:1      | Reached skill level 3 in Fire Magic
   566 | D:1      | Learned a level 2 spell: Scorch
   752 | D:1      | You pick up a book of Flames and begin reading...
   760 | D:1      | Reached skill level 2 in Spellcasting
  1051 | D:2      | Noticed Natasha
  1059 | D:2      | HP: 5/20 [Natasha/magic dart (6)]
  1060 | D:2      | Slain by a white imp

Vanquished Creatures
  A dart slug (D:1)
  A bat (D:1)
  An endoplasm (D:1)
  2 goblins (D:1)
  3 jackals (D:1)
  2 ball pythons (D:1)
  A rat (D:1)
11 creatures vanquished.

Vanquished Creatures (others)
  36 foxfires
36 creatures vanquished.

Grand Total: 47 creatures vanquished

Table legend:
 A = Non-vault XP
 B = Vault XP
 C = Vault XP percentage of total XP
 D = Non-vault monster count
 E = Vault monster count
 F = Vault count percentage of total count
                 A         B        C        D         E       F
            +---------+---------+-------+---------+---------+-------
      Total |      22 |       0 |   0.0 |      11 |       0 |   0.0
            +---------+---------+-------+---------+---------+-------
        D:1 |      22 |       0 |   0.0 |      11 |       0 |   0.0
            +---------+---------+-------+---------+---------+-------

Illustrated notes

Table legend:
 A = Kills in this place as a percentage of kills in entire the game.
 B = Kills by you in this place as a percentage of kills by you in the entire game.
 C = Kills by friends in this place as a percentage of kills by friends in the entire game.
 D = Other kills in this place as a percentage of other kills in the entire game.
 E = Experience gained in this place as a percentage of experience gained in the entire game.
 F = Experience gained in this place divided by the number of levels of this place that you have seen.
                   A       B       C       D       E      F
               +-------+-------+-------+-------+-------+----------------------
         Total | 100.0 | 100.0 |   N/A |   N/A | 100.0 |  11.0
       Dungeon | 100.0 | 100.0 |   N/A |   N/A | 100.0 |  11.0
               +-------+-------+-------+-------+-------+----------------------

Table legend: (Time is in decaauts)
 A = Elapsed time spent in this place.
 B = Non-inter-level travel time spent in this place.
 C = Inter-level travel time spent in this place.
 D = Time resting spent in this place.
 E = Time spent auto-exploring this place.
 F = Levels seen in this place.
 G = Mean time per level.
                   A        B        C        D        E       F      G
               +--------+--------+--------+--------+--------+-----+--------+
         Total |   1059 |   1013 |     46 |      0 |    915 |   2 |  529.5 |
       Dungeon |   1059 |   1013 |     46 |      0 |    915 |   2 |  529.5 |
               +--------+--------+--------+--------+--------+-----+--------+

Top non-repeatable levels by time:
     D:1: 946 daAuts
     D:2: 113 daAuts
